Map: Pillars of Gold LE

Players

Umbre

  • Race: Zerg Zerg
  • League: Master
  • Spawn Location: 7:00

IIIIIIIIIIII - Winner!

  • Race: Protoss Protoss
  • League: Master
  • Spawn Location: 1:00

VOD

https://youtu.be/HpM4opGHbG8

Description

To share your replays and get coached:
► Discord: https://discord.gg/hrMk69M
► https://www.twitch.tv/exehntv/

This build should be simple enough for lower level players, try and practice the build order and don't worry too much about it being perfect, focus on the oracle and probe production.

Time

  • Played on: July 19, 2020, 4:34 p.m.
  • Length: 11:07
Show
View Real Time Build Order
Export as new Build Order

Umbre Zerg 

Build Orders: Hatch First 

Get SALT Encoding   

  12  0:01  Drone  
  13  0:12  Overlord  
  13  0:20  Drone  
  14  0:31  Drone  
  14  0:32  Drone  
  16  0:50  Hatchery  
  16  0:54  Drone  
  16  0:58  Drone  
  16  1:01  Drone  
  18  1:13  Extractor  
  18  1:17  Spawning Pool  
  16  1:20  Drone  
  16  1:23  Drone  
  18  1:28  Drone  
  19  1:41  Drone  
  20  1:49  Overlord  
  20  2:03  Queen  
  20  2:04  Queen  
  20  2:05  Zergling x4  
  26  2:17  Metabolic Boost  
  26  2:20  Drone x2  
  28  2:40  Hatchery  
  27  2:45  Drone x4  
  27  2:47  Drone  
  32  2:52  Overlord  
  32  3:01  Overlord  
  32  3:15  Drone x4  
  32  3:17  Overlord x2  
  36  3:20  Drone x2  
  36  3:22  Drone  
  39  3:31  Overlord  
  39  3:33  Spore Crawler  
  38  3:34  Spore Crawler  
  38  3:38  Spore Crawler  
  36  3:43  Drone x2  
  36  3:44  Drone  
  36  3:47  Overlord  
  39  3:53  Zergling x2  
  39  3:54  Zergling x6  
  43  3:56  Zergling x2  
  43  3:58  Zergling x2  
  45  4:03  Queen  
  47  4:10  Queen  
  49  4:19  Lair  
  49  4:20  Drone x2  
  49  4:21  Drone x3  
  54  4:24  Drone  
  54  4:25  Drone  
  54  4:26  Drone  
  54  4:29  Drone x2  
  59  4:33  Drone x2  
  59  4:34  Drone  
  61  4:49  Drone x7  
  68  4:57  Drone x2  
  70  5:00  Extractor  
  70  5:03  Extractor  
  70  5:04  Extractor  
  70  5:05  Extractor  
  66  5:07  Drone x3, Extractor  
  68  5:19  Overlord x2  
  68  5:20  Drone  
  68  5:21  Drone x5  
  67  5:39  Drone x4  
  67  5:40  Drone  
  67  5:42  Drone x2  
  74  5:43  Overlord x2  
  74  5:52  Drone  
  74  5:54  Hydralisk Den  
  74  5:55  Drone  
  75  5:57  Roach Warren  
  75  6:00  Drone  
  75  6:01  Overlord x3, Hatchery  
  74  6:07  Drone x2  
  74  6:08  Evolution Chamber  
  74  6:09  Evolution Chamber  
  74  6:28  Grooved Spines, Hydralisk x3  
  74  6:29  Hydralisk x8  
  96  6:39  Hydralisk x5  
  96  6:46  Zerg Melee Weapons Level 1  
  106  6:49  Zerg Missile Weapons Level 1  
  106  7:01  Drone  
  107  7:02  Baneling Nest  
  107  7:05  Drone  
  107  7:06  Lurker Den  
  93  7:27  Spire  
  92  7:39  Muscular Augments  
  92  7:46  Hydralisk x8  
  92  7:48  Spore Crawler  
  105  8:02  Overlord x3  
  105  8:03  Hydralisk  
  105  8:04  Hydralisk x4  
  115  8:06  Zergling x14  
  115  8:07  Queen  
  124  8:17  Queen  
  126  8:25  Hydralisk x7  
  140  8:33  Drone  
  140  8:34  Drone x3  
  144  8:40  Zergling x12  
  144  9:09  Zergling x18  
  155  9:10  Zergling x8  
  154  9:48  Baneling  
  154  9:49  Baneling x22  
  154  9:50  Baneling x4  
  154  9:52  Overlord  
  154  9:53  Overlord x5  
  66  10:09  Hydralisk x6  
  66  10:10  Hydralisk  
  73  10:22  Hydralisk  
  73  10:23  Hydralisk x3  
  81  10:41  Drone  
  83  10:42  Drone  
  83  10:43  Drone x5  
  88  10:59  Hatchery  
Show
View Real Time Build Order
Export as new Build Order

IIIIIIIIIIII Protoss - Winner!

Build Orders: 1 Gate Expand, Oracle Opening, Phoenix Opening 

Get SALT Encoding   

  12  0:01  Probe  
  13  0:13  Probe  
  14  0:21  Pylon  
  14  0:25  Probe  
  15  0:35  Probe  
  15  0:41  Gateway  
  16  0:43  Probe  
  16  0:49  Assimilator  
  17  0:53  Probe  
  18  1:05  Probe  
  19  1:18  Probe  
  20  1:28  Nexus  
  20  1:38  Cybernetics Core  
  20  1:41  Probe  
  21  1:48  Assimilator  
  21  1:53  Probe  
  22  1:58  Pylon  
  22  2:06  Stalker, Probe  
  23  2:20  Probe  
  26  2:23  Stargate  
  26  2:31  Probe  
  26  2:34  Warp Gate  
  26  2:36  Probe  
  27  2:39  Probe  
  29  2:44  Probe  
  29  2:47  Probe  
  30  2:52  Adept  
  30  2:54  Probe  
  34  2:58  Probe  
  34  3:00  Oracle  
  35  3:06  Probe  
  39  3:14  Gateway  
  39  3:15  Probe  
  39  3:19  Shield Battery  
  40  3:21  Probe  
  41  3:27  Probe  
  41  3:33  Probe  
  43  3:35  Pylon  
  43  3:39  Probe  
  44  3:45  Phoenix  
  44  3:46  Probe  
  45  3:51  Probe  
  45  3:52  Assimilator  
  48  3:56  Pylon  
  48  3:57  Assimilator  
  48  3:58  Probe  
  49  4:04  Shield Battery  
  49  4:06  Probe  
  50  4:12  Probe  
  50  4:15  Stargate  
  51  4:19  Probe, Oracle  
  55  4:24  Probe  
  55  4:26  Gateway  
  55  4:31  Probe  
  57  4:36  Probe  
  58  4:38  Pylon  
  58  4:43  Probe  
  59  4:49  Pylon  
  59  4:54  Probe  
  59  4:57  Zealot x2  
  59  4:58  Probe  
  65  5:01  Oracle  
  65  5:02  Oracle  
  65  5:06  Probe  
  66  5:10  Probe  
  66  5:14  Nexus  
  73  5:17  Pylon  
  73  5:21  Probe  
  73  5:26  Probe  
  75  5:29  Pylon  
  75  5:32  Oracle  
  75  5:33  Probe  
  76  5:37  Oracle  
  76  5:38  Stargate  
  76  5:41  Probe  
  83  5:45  Shield Battery  
  83  5:49  Probe  
  84  5:50  Twilight Council  
  84  5:53  Probe  
  85  5:57  Pylon  
  85  6:01  Probe  
  86  6:06  Oracle  
  86  6:07  Pylon  
  86  6:11  Oracle  
  86  6:12  Oracle  
  86  6:14  Probe  
  86  6:17  Probe  
  94  6:21  Charge  
  97  6:25  Probe  
  97  6:27  Pylon, Probe  
  97  6:32  Probe  
  100  6:35  Pylon  
  100  6:38  Assimilator  
  100  6:41  Probe  
  100  6:42  Probe, Assimilator  
  100  6:45  Pylon  
  102  6:52  Oracle  
  105  6:55  Probe  
  105  7:01  Pylon, Oracle  
  109  7:02  Zealot x3  
  109  7:04  Probe  
  116  7:08  Gateway  
  116  7:10  Gateway  
  116  7:11  Oracle  
  119  7:19  Probe  
  120  7:29  Oracle  
  118  7:30  Probe  
  118  7:32  Forge  
  118  7:33  Zealot x3  
  124  7:38  Pylon  
  124  7:42  Pylon  
  124  7:44  Protoss Ground Weapons Level 1  
  124  7:46  Oracle, Gateway  
  124  7:49  Gateway  
  124  7:50  Gateway  
  127  7:56  Probe  
  128  8:01  Zealot x2  
  128  8:02  Zealot  
  134  8:10  Oracle  
  137  8:13  Nexus  
  137  8:15  Pylon  
  137  8:16  Oracle, Templar Archives  
  140  8:25  Zealot x2  
  140  8:26  Zealot x2  
  148  8:32  Zealot  
  148  8:34  Probe  
  151  8:41  Shield Battery  
  151  8:47  Zealot x7  
  165  8:55  Oracle  
  165  8:56  Oracle x2  
  162  9:15  High Templar x2  
  162  9:16  High Templar x2, Zealot  
  162  9:17  Zealot x3  
  174  9:23  Probe  
  179  9:27  Fleet Beacon  
  179  9:31  Archon x2  
  174  9:44  Zealot x4  
  172  9:54  Oracle x2  
  172  9:59  Oracle  
  145  10:05  Nexus  
  111  10:07  Pylon  
  107  10:15  High Templar x2, Zealot  
  107  10:16  Zealot x3  
  119  10:22  Probe x2  
  119  10:24  Archon  
  121  10:29  Probe  
  121  10:33  Assimilator  
  121  10:34  Probe  
  123  10:35  Assimilator  
  123  10:39  Shield Battery  
  126  10:42  Zealot  
  126  10:43  Zealot x4  
  126  10:49  Probe x2  
Tags
 
Add a new tag
Caveats
  • Supply blocks, unpowered buildings, or Contaminate may cause inaccurate times.
  • Supply counts are checked every 10 seconds.